Map: [ESL] Hard Lead

Players

Cyan

  • Race: Protoss Protoss
  • Spawn Location: 11:00

Reynor - Winner!

  • Race: Zerg Zerg
  • Spawn Location: 5:00

Event: IEM Katowice 2024

VOD

Have the link to the VOD?

Description

Time

  • Played on: Feb. 10, 2024, 8:55 a.m.
  • Length: 15:15

All games in this series

Show
View Real Time Build Order
Export as new Build Order

Cyan Protoss 

Build Orders: 1 Gate Expand, Oracle Opening 

Get SALT Encoding   

  12  0:00  Probe  
  13  0:14  Pylon  
  13  0:17  Probe (Chrono Boost)  
  14  0:27  Probe (Chrono Boost)  
  15  0:32  Probe (Chrono Boost)  
  16  0:40  Gateway  
  16  0:43  Probe  
  17  0:50  Assimilator  
  17  0:55  Probe  
  18  1:07  Probe  
  19  1:19  Probe  
  19  1:24  Nexus  
  20  1:35  Cybernetics Core  
  20  1:37  Probe  
  21  1:42  Assimilator  
  21  1:49  Probe  
  21  1:53  Pylon  
  23  2:01  Probe (Chrono Boost)  
  23  2:08  Adept (Chrono Boost)  
  23  2:13  Probe (Chrono Boost)  
  26  2:17  Stargate  
  26  2:18  Probe (Chrono Boost)  
  27  2:27  Warp Gate  
  27  2:29  Probe  
  28  2:30  Adept (Chrono Boost)  
  28  2:36  Probe  
  31  2:41  Probe  
  32  2:48  Probe  
  33  2:51  Adept  
  33  2:53  Probe  
  36  3:00  Probe  
  36  3:01  Pylon  
  36  3:03  Oracle (Chrono Boost)  
  40  3:07  Probe  
  41  3:13  Gateway  
  41  3:15  Probe  
  42  3:21  Probe  
  43  3:27  Probe  
  48  3:34  Void Ray (Chrono Boost)  
  48  3:36  Probe  
  48  3:37  Pylon  
  48  3:39  Probe  
  51  3:48  Probe  
  51  3:55  Nexus  
  51  3:57  Probe  
  51  4:02  Pylon  
  52  4:06  Oracle (Chrono Boost)  
  53  4:10  Probe  
  53  4:13  Probe  
  53  4:14  Assimilator  
  53  4:16  Assimilator  
  55  4:21  Stalker  
  55  4:22  Probe  
  55  4:23  Adept  
  60  4:27  Probe  
  61  4:34  Probe  
  62  4:39  Probe  
  62  4:41  Forge  
  62  4:42  Twilight Council  
  63  4:46  Probe  
  63  4:51  Probe  
  65  4:53  Shield Battery  
  65  4:59  Probe  
  66  5:03  Probe  
  66  5:06  Gateway  
  67  5:08  Probe  
  67  5:11  Gateway, Protoss Ground Weapons Level 1, Probe  
  67  5:13  Blink (Chrono Boost)  
  69  5:16  Probe (Chrono Boost)  
  69  5:20  Probe (Chrono Boost)  
  69  5:27  Probe (Chrono Boost)  
  69  5:28  Probe (Chrono Boost)  
  69  5:31  Stalker  
  69  5:32  Gateway, Probe (Chrono Boost)  
  69  5:34  Gateway, Stalker  
  75  5:37  Probe x2 (Chrono Boost)  
  75  5:40  Probe  
  77  5:46  Probe  
  77  5:47  Robotics Facility, Probe  
  79  5:51  Oracle  
  79  5:55  Probe  
  83  5:58  Stalker  
  85  6:05  Pylon  
  85  6:06  Pylon  
  85  6:10  Pylon  
  85  6:12  Shield Battery  
  85  6:13  Pylon  
  85  6:22  Nexus  
  85  6:23  Probe x2, Pylon  
  85  6:24  Stalker  
  85  6:25  Stalker x2  
  93  6:31  Pylon  
  93  6:33  Probe  
  93  6:35  Observer, Probe  
  96  6:40  Robotics Bay  
  96  6:42  Stalker x2  
  96  6:45  Shield Battery  
  100  6:48  Probe  
  100  6:49  Probe  
  100  6:50  Photon Cannon  
  100  6:52  Charge (Chrono Boost)  
  102  6:56  Probe  
  103  7:01  Warp Prism, Probe  
  103  7:04  Assimilator, Probe  
  103  7:06  Assimilator  
  107  7:08  Forge  
  107  7:13  Probe  
  107  7:14  Probe  
  107  7:15  Pylon  
  109  7:18  Stalker x4  
  109  7:20  Probe  
  118  7:27  Probe  
  118  7:28  Probe, Stalker  
  120  7:32  Probe  
  120  7:35  Colossus (Chrono Boost)  
  119  7:37  Stalker  
  119  7:39  Probe  
  128  7:44  Protoss Ground Weapons Level 2 (Chrono Boost)  
  128  7:45  Protoss Ground Armor Level 1 (Chrono Boost)  
  128  7:46  Probe  
  128  7:47  Gateway  
  128  7:48  Gateway  
  129  7:56  Stalker  
  131  7:59  Zealot x4  
  131  8:01  Extended Thermal Lance  
  127  8:13  Stalker  
  127  8:17  Probe  
  127  8:18  Probe  
  127  8:19  Colossus (Chrono Boost)  
  119  8:24  Stalker x3  
  119  8:25  Probe  
  121  8:30  Stalker x2  
  111  8:38  Probe x3  
  106  8:43  Shield Battery  
  106  8:44  Shield Battery  
  106  8:45  Stalker x3  
  106  8:46  Pylon  
  112  8:50  Zealot x3, Probe  
  112  8:53  Probe  
  118  8:56  Shield Battery  
  118  8:58  Pylon  
  118  8:59  Probe  
  118  9:00  Probe  
  118  9:02  Probe, Stalker x2  
  124  9:05  Probe  
  124  9:09  Zealot, Oracle  
  131  9:10  Zealot  
  131  9:11  Probe  
  131  9:16  Colossus (Chrono Boost)  
  134  9:20  Templar Archives  
  140  9:31  Zealot x6  
  150  9:35  Protoss Ground Armor Level 2 (Chrono Boost)  
  152  9:42  Zealot x2  
  154  9:47  Probe  
  154  9:48  Gateway  
  154  9:49  Gateway, Photon Cannon  
  154  9:51  Assimilator  
  155  9:56  Assimilator  
  155  9:59  Zealot x4  
  163  10:03  Pylon, Protoss Ground Weapons Level 3 (Chrono Boost)  
  149  10:17  Colossus  
  155  10:25  Stalker x7  
  169  10:30  Psionic Storm  
  169  10:34  Stalker  
  155  10:54  Zealot x4  
  155  10:55  Zealot x5  
  153  11:08  Colossus (Chrono Boost)  
  153  11:10  Probe  
  144  11:12  Probe  
  144  11:15  High Templar x4  
  159  11:22  Nexus  
  159  11:23  Pylon  
  143  11:35  Zealot x4  
  143  11:36  Zealot x2  
  151  11:44  Protoss Ground Armor Level 3 (Chrono Boost)  
  147  11:50  Robotics Facility  
  147  11:51  Colossus (Chrono Boost)  
  133  12:05  Archon  
  133  12:06  High Templar x2  
  133  12:08  Zealot x8  
  143  12:17  Archon x2  
  122  12:32  Zealot x7, Stalker  
  134  12:38  Colossus  
  134  12:41  Immortal  
  139  12:45  High Templar  
  139  12:46  High Templar  
  139  12:54  Zealot x3  
  139  12:58  Zealot x5  
  120  13:16  Stalker x2  
  120  13:17  Stalker  
  117  13:21  Stalker  
  110  13:30  Colossus (Chrono Boost)  
  110  13:31  Probe  
  110  13:32  Probe  
  110  13:33  Zealot x4  
  114  13:43  Immortal (Chrono Boost)  
  114  13:44  Zealot x6  
  130  13:54  High Templar x2  
  121  13:58  High Templar  
  121  14:05  Stalker  
  121  14:06  Stalker  
  117  14:12  Archon  
  117  14:13  Zealot x2  
  117  14:14  Immortal (Chrono Boost)  
  117  14:16  Immortal  
  117  14:21  Zealot  
  113  14:25  Zealot  
  103  14:32  Zealot x2  
  83  14:43  Zealot x2  
  83  14:47  Zealot  
  77  15:10  Zealot x4  
Show
View Real Time Build Order
Export as new Build Order

Reynor Zerg - Winner!

Build Orders: Hatch First, Lurkers, Roach Hydra 

Get SALT Encoding   

  12  0:00  Drone  
  13  0:12  Overlord  
  13  0:16  Drone  
  14  0:31  Drone x2  
  16  0:37  Drone  
  17  0:45  Drone  
  18  0:55  Hatchery  
  17  0:58  Drone  
  17  1:00  Extractor  
  17  1:12  Spawning Pool  
  17  1:16  Drone  
  17  1:19  Drone  
  18  1:28  Drone  
  19  1:39  Drone  
  20  1:49  Overlord  
  20  1:59  Queen  
  22  2:06  Drone  
  22  2:07  Drone, Queen  
  26  2:13  Zergling x2  
  27  2:18  Drone  
  28  2:23  Zergling x2  
  28  2:24  Metabolic Boost  
  29  2:30  Drone  
  30  2:38  Hatchery  
  30  2:39  Drone  
  30  2:43  Queen  
  32  2:48  Zergling x2  
  32  2:49  Overlord  
  33  2:52  Drone  
  33  2:57  Zergling x2  
  35  3:00  Zergling x2  
  36  3:07  Queen  
  36  3:08  Drone  
  36  3:11  Overlord  
  39  3:14  Drone  
  40  3:21  Drone x3  
  40  3:22  Drone  
  44  3:28  Queen  
  44  3:32  Overlord  
  47  3:34  Drone  
  47  3:37  Drone  
  47  3:40  Drone x2  
  50  3:42  Drone  
  51  3:49  Queen  
  51  3:53  Drone x2  
  51  3:55  Drone  
  55  3:57  Drone x2  
  55  4:00  Overlord  
  55  4:02  Drone  
  57  4:04  Drone  
  57  4:07  Drone  
  57  4:08  Drone  
  59  4:11  Drone  
  59  4:12  Drone  
  59  4:14  Spore Crawler  
  59  4:16  Spore Crawler  
  59  4:18  Drone x2  
  59  4:20  Drone  
  59  4:21  Drone  
  63  4:26  Drone x3  
  63  4:29  Overlord  
  66  4:31  Overlord  
  66  4:36  Drone x2  
  66  4:41  Overlord  
  66  4:44  Overlord  
  66  4:48  Drone, Roach Warren  
  66  4:50  Drone x2  
  66  4:51  Evolution Chamber  
  67  4:53  Overlord  
  67  4:54  Drone  
  68  5:00  Drone x2  
  68  5:01  Drone x2  
  72  5:08  Zergling x4  
  72  5:13  Zergling x6, Hatchery  
  76  5:15  Drone x3  
  77  5:24  Drone x3  
  77  5:25  Zerg Missile Weapons Level 1  
  77  5:26  Lair  
  77  5:28  Drone x2  
  80  5:30  Drone  
  80  5:34  Extractor, Drone  
  80  5:35  Spore Crawler  
  81  5:37  Overlord  
  81  5:38  Drone x3  
  80  5:43  Drone  
  80  5:44  Drone  
  80  5:46  Overlord  
  80  5:47  Extractor x2  
  80  5:50  Extractor x2  
  80  5:51  Drone  
  80  5:53  Drone x3  
  80  5:54  Drone x3  
  85  5:58  Overlord  
  85  6:02  Zergling x4  
  87  6:07  Roach  
  87  6:08  Roach x3  
  87  6:11  Roach  
  97  6:15  Roach  
  98  6:19  Roach  
  98  6:21  Roach  
  98  6:22  Roach x2  
  98  6:23  Overlord  
  98  6:25  Glial Reconstitution  
  106  6:26  Drone  
  106  6:27  Drone x3  
  106  6:29  Roach  
  106  6:32  Roach  
  113  6:41  Roach  
  113  6:42  Zergling x6, Roach  
  113  6:44  Overlord  
  113  6:46  Overseer  
  120  6:48  Zergling x2, Roach x2  
  125  6:54  Drone x3  
  125  6:55  Overlord  
  125  6:57  Overlord  
  125  7:00  Drone  
  126  7:01  Infestation Pit  
  126  7:02  Zergling x4, Roach x2  
  126  7:04  Overlord  
  129  7:09  Overlord  
  129  7:10  Zergling x4, Roach x2  
  129  7:13  Overlord  
  135  7:19  Zergling x4, Roach x2  
  135  7:20  Zergling x4  
  135  7:21  Zerg Missile Weapons Level 2, Overlord  
  141  7:28  Zergling x8, Roach x2  
  147  7:34  Overlord  
  147  7:36  Zergling x8, Roach x2  
  152  7:38  Hive  
  152  7:40  Ravager x3  
  152  7:41  Ravager  
  152  7:42  Zergling x6  
  155  7:54  Drone x5  
  155  7:57  Hydralisk Den  
  158  7:58  Zergling x6, Roach x2  
  158  7:59  Zergling x2  
  158  8:00  Overlord  
  158  8:05  Zergling x6, Roach x3  
  167  8:09  Drone  
  167  8:10  Drone  
  167  8:12  Drone  
  161  8:15  Zergling x2  
  161  8:18  Zergling x4, Roach x2  
  157  8:21  Zergling x4, Roach x2  
  157  8:24  Drone x2  
  158  8:28  Roach  
  158  8:30  Roach x2  
  153  8:35  Extractor  
  153  8:36  Extractor  
  153  8:37  Lurker Den  
  142  8:42  Drone x4  
  142  8:47  Hydralisk x2  
  142  8:48  Hydralisk x4  
  154  8:49  Viper, Spine Crawler  
  154  8:50  Viper  
  163  8:57  Drone x2  
  163  9:02  Hydralisk x2, Muscular Augments  
  165  9:08  Hatchery  
  168  9:11  Zergling x4, Hydralisk x2  
  168  9:12  Zergling x14  
  168  9:16  Overlord  
  181  9:17  Burrow  
  181  9:28  Evolution Chamber  
  178  9:40  Seismic Spines  
  178  9:42  Roach x6  
  190  9:49  Roach x3  
  196  9:57  Zerg Missile Weapons Level 3, Adrenal Glands  
  195  10:01  Zerg Melee Weapons Level 1  
  195  10:06  Grooved Spines  
  192  10:09  Overseer, Roach x7  
  192  10:14  Overlord  
  191  10:23  Overlord  
  191  10:27  Lurker  
  191  10:28  Lurker x3  
  195  10:29  Zergling x8  
  191  10:37  Adaptive Talons  
  191  10:38  Viper  
  191  10:40  Zergling x12  
  191  10:41  Zergling x14  
  191  10:42  Drone x3, Queen  
  181  10:43  Drone x2, Hydralisk x3  
  179  10:50  Queen  
  179  10:53  Hydralisk x4  
  179  10:56  Drone  
  179  10:57  Drone x3  
  183  11:08  Viper  
  184  11:13  Drone x4  
  184  11:15  Spine Crawler  
  184  11:16  Spine Crawler  
  186  11:21  Roach  
  186  11:22  Roach x5  
  186  11:23  Spore Crawler, Spine Crawler  
  194  11:30  Roach x4  
  194  11:31  Roach x3  
  198  11:44  Roach x2  
  187  12:02  Hydralisk x9  
  187  12:07  Lurker x3  
  197  12:09  Zerg Melee Weapons Level 2  
  197  12:17  Roach x2  
  197  12:19  Hydralisk x4  
  197  12:20  Hydralisk  
  197  12:21  Hydralisk x2  
  195  12:22  Hydralisk  
  195  12:23  Zergling x8  
  195  12:24  Zergling x2  
  195  12:27  Hydralisk x2  
  195  12:28  Zergling x4  
  200  12:36  Zergling x2  
  200  12:37  Zergling x2  
  200  12:42  Extractor  
  200  12:44  Extractor  
  194  12:45  Zerg Ground Armor Level 1  
  194  12:48  Roach x4  
  198  12:55  Lurker x3  
  188  13:01  Roach x7  
  188  13:03  Zergling x8  
  188  13:04  Zergling x2, Hatchery  
  197  13:10  Roach x7  
  189  13:15  Lurker  
  189  13:18  Roach x3  
  189  13:19  Zergling x18, Roach  
  197  13:24  Hydralisk  
  197  13:25  Zergling x2  
  194  13:43  Hydralisk x3  
  194  13:47  Spire  
  196  13:59  Zergling x6  
  195  14:12  Roach  
  195  14:13  Roach x3  
  195  14:14  Queen  
  196  14:20  Hydralisk x4  
  188  14:27  Hydralisk x2  
  188  14:28  Hydralisk x7  
  188  14:31  Zergling x12  
  199  14:32  Zergling x2  
  199  14:34  Hydralisk x4  
  199  14:35  Zergling x6  
  199  14:36  Hydralisk  
  197  14:39  Hydralisk  
  197  14:40  Zergling x6, Hydralisk  
  197  14:41  Zergling x2  
  193  14:45  Hydralisk x2  
  193  14:46  Hydralisk  
  191  14:56  Lurker  

Tags
 
Add a new tag
Caveats
  • Supply blocks, unpowered buildings, or Contaminate may cause inaccurate times.
  • Supply counts are checked every 10 seconds.